 Dungeon Crawl Stone Soup version 0.27.0-1-g7a089689b8 (webtiles) character file.

Game seed: 620988593777190546

184 Thatpatchoflichen the Ogre Mage (level 5, -1/54 HPs)
             Began as an Ogre Hedge Wizard on Aug 7, 2021.
             Slain by an orc (2 damage)
             ... on level 4 of the Dungeon.
             The game lasted 00:10:02 (4403 turns).

Thatpatchoflichen the Ogre Mage (Ogre Hedge Wizard) Turns: 4403, Time: 00:10:02

Health: -1/54      AC:  3    Str: 14    XL:     5   Next: 63%
Magic:  12/12      EV: 10    Int: 22    God:
Gold:   92         SH:  0    Dex:  8    Spells: 7/14 levels left

rFire    . . .     SeeInvis .   i - +0 dagger (venom)
rCold    . . .     Faith    .   (no shield)
rNeg     . . .     Spirit   .   b - +0 robe
rPois    +         Reflect  .   c - +0 hat
rElec    .         Harm     .   (no cloak)
rCorr    .         Rampage  .   (gloves unavailable)
Will     .....                  (boots unavailable)
Stlth    +.........             (no amulet)
HPRegen  0.18/turn              d - +6 ring of intelligence
MPRegen  0.13/turn              e - ring of poison resistance

@: no status effects
A: large, unfitting armour, tough skin 1
a: no special abilities


You were on level 4 of the Dungeon.
You visited 1 branch of the dungeon, and saw 4 of its levels.

You collected 92 gold pieces.

Inventory:

Hand Weapons
 a - a +0 dagger
 g - a +0 mace
 h - a +0 whip
 i - a +0 dagger of venom (weapon)
 m - a +0 trident
 n - a +0 whip
Armour
 b - a +0 robe (worn)
 c - a +0 hat (worn)
Jewellery
 d - a +6 ring of intelligence (left hand)
 e - a ring of poison resistance (right hand)
Scrolls
 l - a scroll of identify {unknown}
 o - a scroll of enchant armour {unknown}
Potions
 f - a potion of ambrosia {unknown}
 j - a potion of resistance {unknown}
 k - a potion of degeneration {unknown}


   Skills:
 + Level 3.7 Fighting
 + Level 3.2 Dodging
 - Level 1.4 Stealth
 + Level 5.0 Spellcasting
 - Level 0.8 Conjurations
 - Level 0.8 Summonings
 - Level 0.8 Translocations


You had 7 spell levels left.
You knew the following spells:

 Your Spells              Type           Power      Damage    Failure   Level
a - Magic Dart            Conj           36%        1d4       7%          1
b - Call Imp              Summ           9%         N/A       11%         2
c - Blink                 Tloc           N/A        N/A       11%         2
d - Slow                  Hex            5%         N/A       16%         2

Your spell library contained the following spells:

 Spells                   Type           Power      Damage    Failure   Level
 Conjure Flame            Conj/Fire      7%         6-21      26%         3
 Mephitic Cloud           Conj/Pois/Air  6%         N/A       26%         3


Dungeon Overview and Level Annotations

Branches:
Dungeon (4/15)
 Temple: D:4-7

Altars:
Okawaru


Innate Abilities, Weirdness & Mutations

You are too large for most types of armour.
You have tough skin. (AC +1)


Message History

The worm bites you! The orc hits you with a +0 club.
The orc hits you with a +0 hand axe. The worm bites you but does no damage.
You hit the orc.
The orc is moderately wounded.
The orc closely misses you. The orc hits you with a +0 club.
You completely miss the orc.
The orc is moderately wounded.
The orc barely misses you. The orc hits you with a +0 club.
The worm barely misses you.
You hit the orc but do no damage.
The orc is moderately wounded.
The orc hits you with a +0 club. The orc hits you with a +0 hand axe.
You hit the worm.
The worm is heavily wounded.
The orc hits you with a +0 club. The orc hits you with a +0 hand axe.
* * * LOW HITPOINT WARNING * * *
The worm bites you but does no damage.
You hit the worm but do no damage.
The worm looks as sick as possible!
The worm is heavily wounded.
The orc hits you with a +0 club.
* * * LOW HITPOINT WARNING * * *
The orc hits you with a +0 hand axe.
* * * LOW HITPOINT WARNING * * *
The worm closely misses you.
You barely miss the orc.
The orc is moderately wounded.
The orc completely misses you. The orc barely misses you.
You barely miss the orc.
The orc is moderately wounded.
You kill the worm!
The orc hits you but does no damage. The orc hits you with a +0 hand axe.
* * * LOW HITPOINT WARNING * * *
Your Spellcasting skill increases to level 5!
You closely miss the orc. The orc closely misses you.
The orc hits you with a +0 hand axe.
* * * LOW HITPOINT WARNING * * *
You closely miss the orc. The orc hits you but does no damage.
The orc hits you with a +0 hand axe.
You die...

#######
##.....##
#....♣..##
#...o....####
#...@<...(...
#...o†...$...
.....#♣...♣.....
#### ..........
#...#......
##..#......
...#......
...#.....


You could see 2 orcs.

Vanquished Creatures
  A howler monkey (D:3)
  2 orc wizards
  An ufetubus (D:3)
  2 worms
  2 dart slugs
  6 orcs
  A bat (D:2)
  5 endoplasms
  A giant cockroach (D:2)
  3 hobgoblins
  12 jackals
  7 kobolds
  2 quokkas
  7 ball pythons
  2 frilled lizards
  3 goblins
  6 rats
63 creatures vanquished.

Vanquished Creatures (collateral kills)
  2 orcs (D:2)
  A bat (D:1)
  4 jackals
  A kobold (D:1)
  2 ball pythons
10 creatures vanquished.

Grand Total: 73 creatures vanquished

Notes
Turn   | Place    | Note
-------+----------+-------------------------------------------
     0 | D:1      | Thatpatchoflichen the Ogre Hedge Wizard began the quest for
                  | the Orb.
     0 | D:1      | Reached XP level 1. HP: 16/16 MP: 5/5
   558 | D:1      | Found a faded altar of an unknown god.
   684 | D:1      | Reached skill level 1 in Fighting
   684 | D:1      | Reached XP level 2. HP: 27/27 MP: 2/6
   687 | D:1      | Learned a level 2 spell: Call Imp
   696 | D:1      | Learned a level 2 spell: Blink
   699 | D:1      | Learned a level 2 spell: Slow
  1469 | D:1      | Reached skill level 4 in Spellcasting
  1778 | D:2      | Reached XP level 3. HP: 15/35 MP: 1/8
  2321 | D:2      | Found an iron altar of Okawaru.
  3049 | D:2      | Reached XP level 4. HP: 27/44 MP: 8/10
  3075 | D:2      | HP: 2/44 [hobgoblin (4)]
  4138 | D:3      | Reached XP level 5. HP: 43/53 MP: 12/12
  4402 | D:4      | Reached skill level 5 in Spellcasting
  4402 | D:4      | HP: 1/54 [orc (6)]
  4403 | D:4      | Slain by an orc

Illustrated notes

Levels and vault maps discovered:
D:1:      dpeg_arrival_stone_temple_mockup, layout_basic,
          hellmonk_ecumenical_altar_heavens_door, serial_glass, glass_columns_a,
          glass_columns_b
D:2:      layout_loops_corners, basic_altar, minmay_door_square
D:3:      layout_rooms
D:4:      cheibrodos_helix_gallery, layout_basic, okawaru_trees_1, serial_shops,
          shop, cheibrodos_sewer_entry_drain, grunt_ministairs_1

Skill      XL: |  1  2  3  4  5 |
---------------+----------------+-----
Fighting       | 1 2 3 |  3.7
Dodging        | 2 3 |  3.2
Spellcasting   | 4 5 |  5.0
Stealth        | |  1.4
Conjurations   | |  0.8
Summonings     | |  0.8
Translocations | |  0.8

Action                   |  1- 3 |  4- 6 || total
-------------------------+-------+-------++-------
Melee: Dagger            |   160 |   100 ||   260
       Whip              |    12 |       ||    12
 Cast: Magic Dart        |    14 |    11 ||    25
       Call Imp          |    12 |     1 ||    13
Armor: Robe              |    67 |    30 ||    97
Dodge: Dodged            |   100 |    84 ||   184
